 Dungeon Crawl Stone Soup version 0.20.1-1-g8b1a95d (webtiles) character file.

390 Gargoyl the Chopper (level 6, -4/53 HPs)
             Began as a Minotaur Abyssal Knight on Oct 9, 2017.
             Was a Believer of Lugonu.
             Killed by divine providence
             ... invoked by an orc priest
              (9 damage)
             ... on level 4 of the Dungeon.
             The game lasted 00:07:46 (3443 turns).

Gargoyl the Chopper (Minotaur Abyssal Knight)       Turns: 3443, Time: 00:07:47

Health: -4/53      AC: 11    Str: 17    XL:     6   Next: 50%
Magic:  7/7        EV:  7    Int:  9    God:    Lugonu [**....]
Gold:   168        SH:  0    Dex: 11    Spells: 5/5 levels left

rFire    . . .     SeeInvis .   j - +5 war axe
rCold    . . .     Gourm    .   (no shield)
rNeg     . . .     Faith    .   m - +0 chain mail
rPois    .         Spirit   .   e - +2 hat
rElec    .         Reflect  .   (no cloak)
rCorr    .         Harm     .   (no gloves)
MR       .....                  (no boots)
Stlth    ..........             (no amulet)
Regen    0.2/turn               (no ring)
MPRegen  0.1/turn               (no ring)

@: no status effects
A: retaliatory headbutt, horns 2
a: Depart the Abyss, Bend Space, Renounce Religion


You were on level 4 of the Dungeon.
You worshipped Lugonu.
Lugonu was pleased with you.
You were not hungry.

You visited 1 branch of the dungeon, and saw 4 of its levels.
You visited the Abyss 1 time.

You collected 168 gold pieces.

Inventory:

Hand Weapons
 a - a +1 hand axe
 j - a +5 war axe (weapon)
Armour
 e - a +2 hat (worn)
 m - a +0 chain mail (worn)
Jewellery
 d - an uncursed ring of positive energy {unknown}
 f - the ring "Vuetuuv" {*Drain +Fly rPois MP+9, unknown}
   (You found it on level 4 of the Dungeon)

   [ring of flight]

   It protects you from poison.
   It affects your magic capacity (+9).
   It lets you fly.
   It causes draining when unequipped.
Scrolls
 b - 2 scrolls of teleportation
 k - a scroll of magic mapping
 p - 2 scrolls of fog
 r - 2 scrolls of identify
Comestibles
 c - 4 bread rations
 g - a meat ration
 h - 7 fruits
 i - a royal jelly


   Skills:
 + Level 4.7 Fighting
 + Level 5.1 Axes
 * Level 4.6 Armour
 + Level 2.0 Dodging
 * Level 3.5 Invocations


You had 5 spell levels left.
You didn't know any spells.

Dungeon Overview and Level Annotations

Branches:
Dungeon (4/15)
 Temple: D:4-7

Altars:


Innate Abilities, Weirdness & Mutations

You reflexively headbutt those who attack you in melee.
You have a pair of horns on your head.


Message History

The orc barely misses you.
The orc priest hits you but does no damage.
Unknown command.
You slash the orc priest!
The orc priest is almost dead.
You hit the orc. You hit the orc priest.
The orc priest mumbles some strange prayers to Beogh against you.
Beogh smites you!
* * * LOW HITPOINT WARNING * * *
The orc hits you with a falchion.
* * * LOW HITPOINT WARNING * * *
The orc priest hits you but does no damage.
The orc priest looks encouraged for a moment.
The orc closely misses you.
It was a potion of cancellation.
You feel magically purged. The orc priest hits you.
* * * LOW HITPOINT WARNING * * *
The orc priest mumbles some strange prayers to Beogh against you.
Beogh smites you!
You die...

#.........# #.# ##..<....#
##.....## ####.#### #.......##
##.......#####........
#.##....####.........##....###.##
...........+.........+.....# #.##
#.###...####.........##.#..###.##
#.# ##..# #.......# #.#......##
#.#####.# #.oo..# #.#.#.#.###
#.......# #o@.# #.#........
#######.# ##'## #.###.#.### # #.#
#.# #.......# #.#
#.##########>### ##.## ##.......#
#.# #...######...####.# #.#
#.............###.# #.#
#...#####....##.#.####.# #####
#.#.##.........#


You could see 2 orc priests and an orc.

Vanquished Creatures
  A scorpion (D:3)
  A hound (D:3)
  3 orc priests (D:3)
  Jessica (D:3)
  A centaur skeleton (D:4)
  2 orc wizards (D:3)
  A worker ant (D:4)
  An adder (D:3)
  An ooze (D:3)
  A worm (D:2)
  5 leopard geckos
  8 orcs
  5 giant cockroaches
  6 goblins
  9 hobgoblins
  7 jackals
  2 quokkas (D:3)
  A ball python (D:2)
  2 bats (D:1)
  4 frilled lizards
  5 kobolds
  10 rats
77 creatures vanquished.

Notes
Turn   | Place    | Note
-------+----------+-------------------------------------------
     0 | Abyss:1  | Gargoyl the Minotaur Abyssal Knight began the quest for the Orb.
     0 | Abyss:1  | Reached XP level 1. HP: 19/19 MP: 1/1
    33 | Abyss:1  | Noticed a chaos spawn
    77 | Abyss:2  | Noticed a chaos spawn
    86 | Abyss:2  | Noticed a quasit
    95 | D:1      | Escaped the Abyss
   703 | D:1      | Reached * piety under Lugonu
   703 | D:1      | Reached XP level 2. HP: 27/27 MP: 2/2
  1354 | D:2      | Reached XP level 3. HP: 33/33 MP: 3/3
  1682 | D:3      | Reached skill level 3 in Axes
  1855 | D:3      | Reached XP level 4. HP: 19/41 MP: 4/4
  2352 | D:3      | Reached ** piety under Lugonu
  2352 | D:3      | Reached XP level 5. HP: 47/47 MP: 6/6
  2369 | D:3      | Noticed Jessica
  2384 | D:3      | Killed Jessica
  2384 | D:3      | Reached skill level 4 in Axes
  2928 | D:3      | Reached XP level 6. HP: 53/53 MP: 7/7
  3031 | D:3      | Reached skill level 5 in Axes
  3120 | D:4      | Got a sparkling bronze ring
  3443 | D:4      | Killed from afar by an orc priest

Skill      XL: |  1  2  3  4  5  6 |
---------------+-------------------+-----
Fighting       | 4 |  4.7
Invocations    | 2 3 |  3.5
Armour         | 3 4 |  4.6
Axes           | 3 4 5 |  5.1
Dodging        | 2 |  2.0

Action                   |  1- 3 |  4- 6 || total
-------------------------+-------+-------++-------
Melee: Hand axe          |    72 |       ||    72
       Headbutt          |    12 |    15 ||    27
       War axe           |     4 |   100 ||   104
Invok: Depart the Abyss  |     1 |       ||     1
  Use: Scroll            |     3 |     4 ||     7
       Potion            |       |     2 ||     2
  Eat: Chunk             |     2 |     6 ||     8
Armor: Ring mail         |    37 |    11 ||    48
       Leather armour    |     1 |       ||     1
       Chain mail        |       |    37 ||    37
       Skin              |       |     2 ||     2
Dodge: Dodged            |    49 |    51 ||   100
